 Dungeon Crawl Stone Soup version 0.21.1 (webtiles) character file.

118 lrcuk01 the Skirmisher (level 4, 0/41 HPs)
             Began as a Minotaur Berserker on Feb 2, 2018.
             Was a Believer of Trog.
             Slain by Wehk's ghost (19 damage)
             ... on level 6 of the Dungeon.
             The game lasted 00:20:32 (2068 turns).

lrcuk01 the Skirmisher (Minotaur Berserker)         Turns: 2068, Time: 00:20:33

Health: 0/41       AC:  7    Str: 22    XL:     4   Next: 72%
Magic:  3/3        EV: 11    Int:  4    God:    Trog [**....]
Gold:   63         SH:  0    Dex: 10    Spells: 3/3 levels left

rFire    . . .     SeeInvis .   a - +0 mace
rCold    . . .     Gourm    .   (no shield)
rNeg     . . .     Faith    .   k - +1 scale mail
rPois    .         Spirit   .   (helmet restricted)
rElec    .         Reflect  .   (no cloak)
rCorr    .         Harm     .   (no gloves)
MR       .....                  (no boots)
Stlth    ..........             (no amulet)
HPRegen  0.13/turn              (no ring)
MPRegen  0.08/turn              (no ring)

@: no status effects
A: retaliatory headbutt, horns 2
a: Berserk, Trog's Hand, Burn Spellbooks, Renounce Religion


You were on level 6 of the Dungeon.
You worshipped Trog.
Trog was pleased with you.
You were near starving.

You visited 1 branch of the dungeon, and saw 4 of its levels.

You collected 63 gold pieces.

Inventory:

Hand Weapons
 a - a +0 mace (weapon)
 g - a +0 club
 h - a +0 spear
Missiles
 f - 72 stones
 j - 8 javelins of returning (quivered)
 l - 25 arrows
 n - 12 poisoned needles
 p - 4 javelins
Armour
 b - a +0 animal skin
 d - a +0 pair of gloves
 k - a +1 scale mail (worn)
 o - a +0 ring mail
Scrolls
 i - a scroll of teleportation
Potions
 e - a potion of lignification {unknown}
 m - 2 potions of curing
Comestibles
 c - 5 rations


   Skills:
 + Level 4.9 Fighting
 + Level 4.7 Maces & Flails
 + Level 3.5 Armour
 + Level 2.8 Dodging


You had 3 spell levels left.
You didn't know any spells.

Dungeon Overview and Level Annotations

Branches:
Dungeon (3/15)

Altars:

Annotations:
D:6 Wehk's ghost, novice HaAs


Innate Abilities, Weirdness & Mutations

You reflexively headbutt those who attack you in melee.
You have a pair of horns on your head.


Message History

You see here a giant cockroach corpse.
Wehk's ghost barely misses you.
Wehk's ghost whispers, "The ORB doesn't exist."
Wehk's ghost hits you.
Wehk's ghost says, "Ah, a second chance to prove myself in battle!"
Wehk's ghost stares at you.
Wehk's ghost whispers, "Soon you will have time, lots of time..."
You miss Wehk's ghost.
You are near starving!
Wehk's ghost hits you but does no damage.
You closely miss Wehk's ghost. Wehk's ghost closely misses you.
You barely miss Wehk's ghost. Wehk's ghost hits you.
You miss Wehk's ghost.
Wehk's ghost hits you but does no damage.
You are electrocuted!
Wehk's ghost hits you but does no damage.
You hit Wehk's ghost but do no damage.
Wehk's ghost hits you but does no damage.
You are electrocuted!
You die...

#############
#...........############
#.###.#.##.....W@.......
#.# #.#.##...######.####
#.##.........#
#.#.#.#.##..##
#..###..##..# #.##
##.....# .## ##.####
#.## .# #..##


You could see Wehk's ghost.

Vanquished Creatures
  4 gnolls (D:2)
  2 adders
  An ooze (D:1)
  3 worms (D:2)
  2 dart slugs (D:1)
  2 leopard geckos (D:2)
  An orc (D:2)
  A ball python (D:1)
  3 giant cockroaches
  3 goblins
  3 hobgoblins
  2 jackals (D:2)
  4 kobolds
  6 bats
  4 frilled lizards
  6 rats (D:2)
47 creatures vanquished.

Notes
Turn   | Place    | Note
-------+----------+-------------------------------------------
     0 | D:1      | lrcuk01 the Minotaur Berserker began the quest for the Orb.
     0 | D:1      | Reached XP level 1. HP: 19/19 MP: 0/0
   160 | D:1      | Reached XP level 2. HP: 26/27 MP: 1/1
   990 | D:2      | Reached XP level 3. HP: 27/33 MP: 2/2
  1352 | D:2      | Reached XP level 4. HP: 33/41 MP: 3/3
  1547 | D:2      | Reached ** piety under Trog
  2008 | D:3      | You fall through a shaft for 3 floors!
  2029 | D:6      | Noticed Wehk's ghost (novice HaAs)
  2068 | D:6      | Slain by Wehk's ghost

Skill      XL: |  1  2  3 |
---------------+----------+-----
Fighting       | 4 |  4.9
Maces & Flails | 4 |  4.7
Armour         | 3 |  3.5
Dodging        | |  2.8

Action                   |  1- 3 |  4- 6 || total
-------------------------+-------+-------++-------
Melee: Mace              |    55 |    37 ||    92
       Headbutt          |     5 |     6 ||    11
Throw: Javelin           |     3 |     8 ||    11
  Use: Scroll            |     1 |     1 ||     2
       Potion            |       |     2 ||     2
  Eat: Chunk             |     1 |     1 ||     2
Armor: Animal skin       |     3 |       ||     3
       Scale mail        |    20 |    18 ||    38
Dodge: Dodged            |    46 |    22 ||    68
